 Dungeon Crawl Stone Soup version 0.16.2-12-gd0ad4c3 (webtiles) character file.

88493 Kira the Unseen (level 15, -6/80 HPs)
             Began as a Spriggan Enchanter on Oct 23, 2015.
             Was a High Priest of Nemelex Xobeh.
             Engulfed by a cloud of flame (23 damage)
             ... in an ice cave on Oct 24, 2015.
             The game lasted 03:43:32 (32730 turns).

Kira the Unseen (Spriggan Enchanter)               Turns: 32730, Time: 03:43:32

Health: -6/80      AC:  5    Str:  4    XL:     15   Next: 46%
Magic:  43/47      EV: 30    Int: 26    God:    Nemelex Xobeh [*****.]
Gold:   1497       SH:  0    Dex: 25    Spells: 7 memorised, 21 levels left

rFire  x . .     SeeInvis +     I - +3 dagger "Loaprorgh" {pierce, Dex+5}
rCold  + + .     Clarity  +     j - +1 robe {rC+}
rNeg   . . .     SustAb   .     (shield restricted)
rPois  .         Gourm    .     H - +1 hat
rElec  .         Spirit   .     e - +0 cloak {+Inv}
rCorr  .         Warding  .     (gloves unavailable)
rMut   .         Stasis   .     (boots unavailable)
MR     ++...                    b - amulet of Oxiekkuo {Clar MP+9 Dex+2}
Stlth  +++++++++.               Y - +4 ring of intelligence
                                i - ring of ice

@: very slightly contaminated, invisible, very quick, very resistant to hostile
enchantments, incredibly stealthy
A: unfitting armour, see invisible, herbivore 3, speed 3, slow metabolism 2
a: Triple Draw, Deal Four, Stack Five, Renounce Religion


You were in an ice cave.
You worshipped Nemelex Xobeh.
Nemelex Xobeh was extremely pleased with you.
You were not hungry.

You visited 5 branches of the dungeon, and saw 28 of its levels.
You also visited: Ice Cave and Volcano.

You collected 2893 gold pieces.
You spent 1396 gold pieces at shops.

Inventory:

Hand weapons
 I - the +3 dagger "Loaprorgh" (weapon) {pierce, Dex+5}
   (You found it on level 6 of the Dungeon)

   It inflicts extra damage upon your enemies.
   It affects your dexterity (+5).
Armour
 e - a +0 cloak of invisibility (worn)
 j - a +1 robe of cold resistance (worn)
 r - a +2 robe of fire resistance
 H - a +1 hat (worn)
 Z - a +2 robe of magic resistance
Magical staves
 C - an uncursed staff of power
Jewellery
 b - the amulet of Oxiekkuo (around neck) {Clar MP+9 Dex+2}
   (You acquired it on level 10 of the Dungeon)

   [amulet of clarity]

   It provides mental clarity.
   It affects your dexterity (+2).
   It affects your magic capacity (+9).
 i - a ring of ice (left hand)
 E - an uncursed ring of wizardry
 Y - a +4 ring of intelligence (right hand)
Magical devices
 n - a wand of digging (14)
 D - a wand of flame (0)
 G - a wand of magic darts (20)
 L - a wand of lightning (2)
 P - a wand of teleportation (6)
 V - a wand of confusion (22)
Scrolls
 c - a scroll of summoning {unknown}
 f - 15 scrolls of remove curse
 g - 11 scrolls of teleportation
 h - a scroll of brand weapon
 k - 2 scrolls of recharging {unknown}
 l - a scroll of enchant weapon
 v - 20 scrolls of identify
 B - a scroll of enchant armour {unknown}
 S - a scroll of acquirement
Potions
 q - 2 potions of agility {unknown}
 t - a potion of brilliance {unknown}
 A - a potion of heal wounds {unknown}
 F - a potion of ambrosia {unknown}
 O - 9 potions of curing {unknown}
Miscellaneous
 a - an ornate deck of escape
 m - an ornate deck of escape
 o - a crystal ball of energy
 p - a plain deck of summoning
 s - a legendary deck of destruction
 u - a legendary deck of escape
 w - an ornate deck of escape
 x - a legendary deck of destruction
 y - a plain deck of destruction
 z - an ornate deck of destruction
 R - a lamp of fire (inert)
Comestibles
 d - 10 bread rations
 Q - 7 fruits


   Skills:
 * Level 9.7 Fighting
 + Level 5.4 Short Blades
 + Level 10.0 Dodging
 + Level 20.8 Stealth
 + Level 13.5 Spellcasting
 - Level 12.0 Hexes
 - Level 5.0 Transmutations
 - Level 5.0 Poison Magic
 * Level 14.9 Evocations


You had 21 spell levels left.
You knew the following spells:

 Your Spells              Type           Power        Failure   Level  Hunger
a - Corona                Hex            ######.      1%          1    None
b - Ensorcelled Hibernat  Hex/Ice        ######       1%          2    None
c - Confuse               Hex            ######..     1%          3    None
d - Summon Butterflies    Summ           ###.....     3%          1    None
e - Tukima's Dance        Hex            ######..     1%          3    None
f - Invisibility          Hex            ######..     4%          6    ####...
g - Alistair's Intoxicat  Trmt/Pois      #####...     6%          4    None


Dungeon Overview and Level Annotations

Branches:
Dungeon (13/15) Temple (1/1) D:7 Lair (8/8) D:10 Swamp (2/5) Lair:4 Spider (0/5) Lair:6 Slime (0/6) Lair:7 Lair:8 Orc (4/4) D:10 Elf (0/3) Orc:3 Vaults (0/5) D:13

Altars:
Ashenzari
Cheibriados
Dithmenos
Elyvilon
Fedhas
Gozag
Kikubaaqudgha
Makhleb
Nemelex Xobeh
Okawaru
Qazlal
Ru
Sif Muna
Trog
Vehumet
Xom
Yredelemnul
Zin
The Shining One
Beogh

Shops:
Orc:3 :   Orc:4 ?:}[([

Annotations:
D:8 exclusion: ice statue
Lair:4 exclusion: oklob plant
Lair:7 exclusion: 2 oklob plants


Innate Abilities, Weirdness & Mutations

You are tiny and cannot use many weapons and most armour.
You have supernaturally acute eyesight.
You are a herbivore.
You cover ground extremely quickly.
You need consume almost no food.


Message History

The helpless seven-headed hydra simulacrum fails to defend itself.
You spit the seven-headed hydra simulacrum like a pig!!!!!
The seven-headed hydra simulacrum vapourises!
The Ice Fiend roars!
Press: ? - help, v - describe, . - travel
Here: an Ice Fiend The floor.
The Ice Fiend calls on the powers of darkness!
Your body is wracked with pain!
Evoke which item? (* to show all) (? for menu, Esc to quit)
Okay, then.
Evoke which item? (* to show all) (? for menu, Esc to quit)
Aim the lamp in which direction?
Press: ? - help, Dir - move target cursor, f - Ice Fiend
Aim: an Ice Fiend The flames dance!
The trail of fire hits you! The fire burns you terribly!
* * * LOW HITPOINT WARNING * * *
You are engulfed in roaring flames.
You die...
Your body glows with a rainbow of weird colours and disappears.

≈≈≈≈≈≈≈≈ #≈≈#≈≈ ##
#####≈≈≈ ###.Z
###...##≈≈ #Z13.#
##..##..≈#≈ #ZZ3..##
#..#####.≈≈
#Z...##########..#..####
###...##§..##...#..#.###
###.§@##...########.#.
########## ##.# ###


You could see an Ice Fiend, 2 ice devils, a seven-headed hydra simulacrum
(wandering) and a harpy simulacrum (wandering).

Vanquished Creatures
  An azure jelly (Lair:8)
  A ghost moth (Lair:8)
  An orc warlord (Orc:3)
  Gastronok (Lair:1)
  The ghost of CcS the Severer, a powerful DDFi of Makhleb (D:12)
  Snorg (Orc:2)
  The ghost of bezhaha the Slicer, a powerful DsGl of Xom (Orc:3)
  A minotaur (Lair:8)
  Fannar (Lair:1)
  9 hydras
  Erica (D:11)
  2 ogre magi (Orc:4)
  2 catoblepae
  A tengu warrior (D:13)
  2 alligators
  Nergalle (Lair:1)
  A wizard (D:13)
  3 ice devils (IceCv)
  An unseen horror (D:12)
  A swamp dragon (Swamp:2)
  2 deep trolls (Orc:4)
  10 hill giants
  A wolf spider zombie (D:12)
  A lindwurm (Lair:8)
  2 ugly things
  A griffon (Lair:8)
  20 slime creatures
  7 elephants
  3 toenail golems (Volcano)
  A gargoyle (D:10)
  A torpor snail (Lair:8)
  An octopode (Lair:8)
  The ghost of RepoMan the Chopper, an experienced MiWr (D:6)
  8 spiny frogs
  A black mamba (Lair:7)
  4 cyclopes
  Psyche (Orc:1)
  6 komodo dragons
  4 fire drakes
  A golden dragon simulacrum (IceCv)
  2 anaconda simulacra (IceCv)
  8 two-headed ogres
  2 freezing wraiths (IceCv)
  A tengu conjurer (D:13)
  A blue devil (IceCv)
  10 trolls
  2 raiju (Lair:8)
  3 giant leeches
  Grinder (D:3)
  3 polar bears
  22 blink frogs
  6 ravens
  2 baby alligators (Swamp:1)
  3 basilisks
  A dire elephant simulacrum (IceCv)
  35 yaks
  A deep elf mage (D:9)
  A hog (shapeshifter) (D:13)
  6 humans (Volcano)
  Grum (D:13)
  The ghost of germz the Slasher, an average FoFi of the Shining One (D:3)
  A deep elf fighter (D:10)
  2 hungry ghosts
  3 iron troll simulacra (IceCv)
  9 hippogriffs
  2 steam dragons
  2 wargs
  Edmund (D:6)
  A mottled dragon (D:11)
  14 wolves
  5 swamp worms
  3 hydra simulacra (IceCv)
  14 water moccasins
  9 porcupines
  2 wasps
  3 sky beasts
  2 black bears
  A swamp drake (Swamp:2)
  27 ogres
  8 spiders (Lair:6)
  12 orc warriors
  An ettin simulacrum (IceCv)
  3 centaurs
  12 ice beasts
  A boring beetle (Lair:8)
  26 giant frogs
  11 crocodiles
  6 big kobolds
  A gnoll sergeant (D:12)
  5 scorpions
  13 wights
  6 killer bees (D:9)
  A centaur zombie (D:12)
  An electric eel (D:12)
  3 giant frog zombies
  5 draconian simulacra (IceCv)
  4 crimson imps
  8 hounds
  A giant frog skeleton (D:11)
  7 worker ants
  A gnoll shaman (D:9)
  9 jellies
  17 orc priests
  12 iguanas
  27 orc wizards
  3 troll simulacra (IceCv)
  3 wolf simulacra (IceCv)
  34 sheep
  3 centaur simulacra
  A spriggan simulacrum (IceCv)
  2 hound zombies
  A giant frog simulacrum (D:12)
  A mummy (D:12)
  A naga simulacrum (IceCv)
  19 gnolls
  An ogre simulacrum (IceCv)
  46 river rats
  6 white imps (IceCv)
  4 shadow imps
  13 adders
  2 giant mites
  3 worms
  3 ufetubi
  2 adder skeletons (D:5)
  4 oozes
  151 orcs
  5 ball pythons
  22 bats
  A bat skeleton (D:8)
  5 giant cockroaches
  23 goblins
  20 hobgoblins
  7 jackals
  16 quokkas
  5 giant geckos
  A giant gecko zombie (D:5)
  3 giant newts
  A jackal zombie (D:5)
  32 kobolds
  A quokka skeleton (D:5)
  20 rats
  5 fungi (Lair:8)
  3 plants
996 creatures vanquished.

Vanquished Creatures (collateral kills)
  A death yak (Lair:8)
  A gargoyle (D:10)
  A raiju (Lair:8)
  A big kobold (Lair:8)
  A sheep (Lair:8)
5 creatures vanquished.

Vanquished Creatures (others)
  2 orc warriors (D:9)
  A worker ant zombie (D:9)
  An ufetubus (IceCv)
  A jackal skeleton (D:9)
  5 fungi
  3 plants
13 creatures vanquished.

Grand Total: 1014 creatures vanquished

Notes
Turn   | Place    | Note
--------------------------------------------------------------
     0 | D:1      | Kira, the Spriggan Enchanter, began the quest for the Orb.
     0 | D:1      | Reached XP level 1. HP: 9/9 MP: 4/4
   369 | D:1      | Reached XP level 2. HP: 11/13 MP: 7/7
   455 | D:1      | Reached skill level 5 in Stealth
   513 | D:1      | Learned a level 2 spell: Ensorcelled Hibernation
   971 | D:2      | Reached XP level 3. HP: 9/17 MP: 9/9
  1224 | D:2      | Found a white marble altar of Elyvilon.
  1783 | D:3      | Noticed Grinder
  1790 | D:3      | Paralysed by Grinder for 2 turns
  1814 | D:3      | Learned a level 3 spell: Confuse
  1830 | D:3      | Killed Grinder
  1830 | D:3      | Reached skill level 1 in Fighting
  1830 | D:3      | Reached skill level 6 in Stealth
  1830 | D:3      | Reached XP level 4. HP: 3/23 MP: 8/14
  1830 | D:3      | Reached XP level 5. HP: 3/26 MP: 9/16
  2138 | D:3      | Noticed germz's ghost (average FoFi)
  2162 | D:3      | Reached XP level 6. HP: 27/30 MP: 5/18
  2172 | D:3      | Killed germz's ghost
  2172 | D:3      | Reached skill level 5 in Dodging
  2172 | D:3      | Reached skill level 7 in Stealth
  2207 | D:3      | Learned a level 1 spell: Summon Butterflies
  2610 | D:3      | Found a sacrificial altar of Ru.
  2611 | D:3      | Found a bloodstained altar of Trog.
  2994 | D:4      | Reached skill level 5 in Hexes
  3176 | D:4      | Reached XP level 7. HP: 33/35 MP: 18/21
  3770 | D:5      | Entered Level 5 of the Dungeon
  3799 | D:5      | Reached skill level 8 in Stealth
  4024 | D:5      | Reached skill level 5 in Spellcasting
  4294 | D:5      | Learned a level 3 spell: Tukima's Dance
  4571 | D:5      | Reached XP level 8. HP: 35/40 MP: 13/24
  4902 | D:5      | Noticed an unseen horror
  4948 | D:5      | HP: 1/40 [unseen horror (6)]
  5569 | D:6      | Reached skill level 9 in Stealth
  5569 | D:6      | Reached skill level 1 in Evocations
  5624 | D:6      | Found a bloodstained altar of Trog.
  6087 | D:6      | Noticed RepoMan's ghost (experienced MiWr)
  6098 | D:6      | Got a polished dagger
  6099 | D:6      | Identified the +3 dagger "Loaprorgh" {pierce, Dex+5} (You found it on level 6 of the Dungeon)
  6107 | D:6      | Killed RepoMan's ghost
  6149 | D:6      | Noticed Edmund
  6161 | D:6      | Killed Edmund
  6161 | D:6      | Reached skill level 10 in Stealth
  6345 | D:7      | Found a staircase to the Ecumenical Temple.
  6355 | Temple   | Entered the Ecumenical Temple
  6418 | Temple   | Became a worshipper of Nemelex Xobeh the Trickster
  6561 | D:7      | Received a gift from Nemelex Xobeh
  6814 | D:7      | Reached XP level 9. HP: 45/45 MP: 26/26
  7175 | D:8      | Reached skill level 5 in Evocations
  7204 | D:8      | Reached skill level 11 in Stealth
  7570 | D:8      | Noticed a three-headed hydra
  7574 | D:8      | Killed a three-headed hydra
  7574 | D:8      | Reached skill level 12 in Stealth
  7574 | D:8      | Reached XP level 10. HP: 51/51 MP: 24/29
  7642 | D:8      | Noticed an ice statue
  7779 | D:8      | Found an opulent altar of Gozag.
  7821 | D:8      | Reached skill level 5 in Fighting
  8189 | D:9      | Found a snail-covered altar of Cheibriados.
  8391 | D:9      | Found a shattered altar of Ashenzari.
  8555 | D:9      | Found a shimmering altar of Xom.
  8610 | D:9      | Found a shimmering altar of Xom.
  8650 | D:9      | Reached skill level 13 in Stealth
  8976 | D:10     | Entered Level 10 of the Dungeon
  9166 | D:10     | Received a gift from Nemelex Xobeh
  9536 | D:10     | Found a staircase to the Orcish Mines.
  9886 | D:10     | Noticed a hill giant
  9891 | D:10     | You fall through a shaft for 3 floors!
 10113 | D:13     | Noticed an eight-headed hydra
 10136 | D:13     | Reached XP level 11. HP: 49/56 MP: 12/31
 10247 | D:13     | Noticed a tengu warrior
 10401 | D:13     | Killed a tengu warrior
 10442 | D:13     | Noticed a hill giant
 10443 | D:13     | Noticed a hill giant
 10451 | D:13     | Reached skill level 14 in Stealth
 10458 | D:13     | Killed a hill giant
 10460 | D:13     | Killed a hill giant
 10463 | D:13     | Found a gate to the Vaults.
 10463 | D:13     | Noticed a wizard
 10471 | D:13     | Killed a wizard
 10696 | D:13     | Killed an eight-headed hydra
 10818 | D:13     | Received a gift from Nemelex Xobeh
 10818 | D:13     | Noticed a hill giant
 10820 | D:13     | Killed a hill giant
 10872 | D:13     | Noticed Grum
 10883 | D:13     | Killed Grum
 11026 | D:13     | Acquired Nemelex Xobeh's first power
 11137 | D:13     | Noticed a cyclops
 11142 | D:13     | Killed a cyclops
 11142 | D:13     | Reached skill level 10 in Hexes
 11292 | D:13     | Reached skill level 10 in Evocations
 11297 | D:13     | Noticed a tengu warrior
 11691 | D:12     | Noticed a hill giant
 11757 | D:12     | Received a gift from Nemelex Xobeh
 11846 | D:12     | Reached skill level 15 in Stealth
 11867 | D:12     | Reached XP level 12. HP: 62/62 MP: 1/33
 11925 | D:12     | Killed a hill giant
 11925 | D:12     | Reached skill level 10 in Spellcasting
 12250 | D:12     | Noticed CcS's ghost (powerful DDFi)
 12302 | D:12     | Killed CcS's ghost
 13021 | D:12     | Noticed an unseen horror
 13025 | D:12     | Killed an unseen horror
 13450 | D:11     | Received a gift from Nemelex Xobeh
 13571 | D:11     | Reached skill level 16 in Stealth
 13769 | D:11     | Noticed Erica
 13779 | D:11     | Killed Erica
 13892 | D:11     | Acquired Nemelex Xobeh's second power
 13892 | D:11     | Received a gift from Nemelex Xobeh
 14493 | D:10     | Noticed a hill giant
 14581 | D:10     | Found a staircase to the Lair.
 14755 | D:10     | Killed a hill giant
 15063 | Orc:1    | Entered Level 1 of the Orcish Mines
 15101 | Orc:1    | Noticed Psyche
 15121 | Orc:1    | Killed Psyche
 15358 | Orc:1    | Found a dark tunnel.
 15422 | Volcano  | Entered a volcano
 15515 | Volcano  | Reached XP level 13. HP: 22/68 MP: 25/35
 15783 | Volcano  | Reached skill level 17 in Stealth
 16164 | Orc:2    | Found a roughly hewn altar of Beogh.
 16451 | Orc:2    | Noticed Snorg
 16479 | Orc:2    | Killed Snorg
 16690 | Orc:2    | Received a gift from Nemelex Xobeh
 16973 | Orc:3    | Noticed bezhaha's ghost (powerful DsGl)
 17003 | Orc:3    | Acquired Nemelex Xobeh's third power
 17061 | Orc:3    | Found a staircase to the Elven Halls.
 17472 | Orc:3    | Found Mennitag's Book Emporium.
 17573 | Orc:3    | Received a gift from Nemelex Xobeh
 17583 | Orc:3    | Found a roughly hewn altar of Beogh.
 17586 | Orc:3    | Killed bezhaha's ghost
 17998 | Orc:4    | Entered Level 4 of the Orcish Mines
 18142 | Orc:4    | Found Khaz's Magic Scroll Shoppe.
 18146 | Orc:4    | Bought a scroll of immolation for 42 gold pieces
 18146 | Orc:4    | Bought a scroll of blinking for 90 gold pieces
 18146 | Orc:4    | Bought a scroll of holy word for 90 gold pieces
 18146 | Orc:4    | Bought a scroll of acquirement for 624 gold pieces
 18177 | Orc:4    | Found Reuffix's Gadget Emporium.
 18179 | Orc:4    | Found Skaepsor's Book Emporium.
 18742 | Orc:3    | Bought a book of Party Tricks for 550 gold pieces
 18749 | Orc:3    | Learned a level 6 spell: Invisibility
 19319 | Orc:3    | Noticed an orc warlord
 19344 | Orc:3    | Killed an orc warlord
 19796 | Orc:4    | Found Paos' Armour Boutique.
 19800 | Orc:4    | Found Dawyulump's Armour Shoppe.
 19935 | Orc:4    | Found Ciamasta's Antique Weapon Shop.
 19937 | Orc:4    | Received a gift from Nemelex Xobeh
 20182 | D:10     | Got a smoking amethyst amulet
 20184 | D:10     | Identified the amulet of Oxiekkuo {Clar MP+9 Dex+2} (You acquired it on level 10 of the Dungeon)
 20222 | Lair:1   | Entered Level 1 of the Lair of Beasts
 20249 | Lair:1   | Noticed Fannar
 20263 | Lair:1   | Killed Fannar
 20277 | Lair:1   | Noticed Nergalle
 20283 | Lair:1   | Killed Nergalle
 20358 | Lair:1   | Reached skill level 18 in Stealth
 20574 | Lair:1   | Received a gift from Nemelex Xobeh
 21005 | Lair:1   | Noticed Gastronok
 21012 | Lair:1   | Killed Gastronok
 21472 | Lair:2   | Received a gift from Nemelex Xobeh
 22123 | D:10     | Killed a hill giant
 22123 | D:10     | Reached skill level 5 in Short Blades
 22159 | D:10     | Learned a level 4 spell: Alistair's Intoxication
 22236 | Lair:3   | Received a gift from Nemelex Xobeh
 22263 | Lair:3   | Reached XP level 14. HP: 60/74 MP: 36/36
 22711 | Lair:3   | Reached skill level 1 in Transmutations
 22799 | Lair:3   | Received a gift from Nemelex Xobeh
 23672 | Lair:4   | Reached skill level 1 in Poison Magic
 23772 | Lair:4   | Received a gift from Nemelex Xobeh
 24187 | Lair:4   | Found a staircase to the Swamp.
 24630 | Lair:5   | Reached skill level 19 in Stealth
 25605 | Lair:5   | Received a gift from Nemelex Xobeh
 26412 | Lair:6   | Found a hole to the Spider Nest.
 26705 | Lair:6   | Received a gift from Nemelex Xobeh
 27785 | Lair:7   | Found a staircase to the Slime Pits.
 27792 | Lair:7   | Received a gift from Nemelex Xobeh
 28432 | Lair:7   | Received a gift from Nemelex Xobeh
 28627 | Lair:8   | Entered Level 8 of the Lair of Beasts
 28715 | Lair:8   | Reached skill level 20 in Stealth
 28767 | Lair:8   | Received a gift from Nemelex Xobeh
 29164 | Lair:8   | Reached XP level 15. HP: 60/79 MP: 33/38
 29166 | Lair:8   | Noticed an azure jelly
 29166 | Lair:8   | a death yak changed into an azure jelly
 29593 | Lair:8   | Killed an azure jelly
 29882 | Lair:8   | Found a staircase to the Slime Pits.
 29889 | Lair:8   | Received a gift from Nemelex Xobeh
 30838 | Swamp:1  | Entered Level 1 of the Swamp
 30962 | Swamp:1  | Received a gift from Nemelex Xobeh
 31000 | Swamp:1  | Reached skill level 5 in Transmutations
 31386 | Swamp:1  | Received a gift from Nemelex Xobeh
 31424 | Swamp:1  | You fall through a shaft!
 31450 | Swamp:2  | Reached skill level 10 in Dodging
 31659 | Swamp:2  | Found a frozen archway.
 31728 | IceCv    | Entered an ice cave
 32410 | IceCv    | Reached skill level 5 in Poison Magic
 32579 | IceCv    | Received a gift from Nemelex Xobeh
 32669 | IceCv    | Noticed an Ice Fiend
 32730 | IceCv    | Engulfed by a cloud of flame

Action                   |  1- 3 |  4- 6 |  7- 9 | 10-12 | 13-15 || total
-------------------------+-------+-------+-------+-------+-------++-------
Melee: Dagger            |   179 |    72 |   279 |   470 |   853 ||  1853
Throw: Stone             |    16 |       |       |       |       ||    16
 Cast: Corona            |     7 |       |       |     5 |     5 ||    17
       Ensorcelled Hiber |    11 |    21 |    93 |   271 |   563 ||   959
       Confuse           |     1 |     5 |    16 |    67 |    52 ||   141
       Invisibility      |       |       |       |       |    16 ||    16
       Alistair's Intoxi |       |       |       |       |     1 ||     1
 Abil: Evoke Invisibilit |       |       |       |       |     1 ||     1
Evoke: Deck              |       |       |       |     9 |    39 ||    48
       Wand              |       |       |       |     3 |     9 ||    12
       Lamp of fire      |       |       |       |       |     2 ||     2
  Use: Scroll            |       |       |     4 |     4 |     2 ||    10
 Stab: Sleeping          |    18 |    14 |    81 |   193 |   452 ||   758
       Distracted        |     1 |       |       |     1 |     3 ||     5
       Confused          |     2 |     3 |     9 |    35 |    25 ||    74
       Invisible         |       |       |       |       |    20 ||    20
  Eat: Royal jelly       |       |     2 |       |     1 |     2 ||     5
       Bread ration      |       |       |     1 |       |       ||     1
       Pizza             |       |       |       |     6 |     1 ||     7
       Fruit             |       |       |       |       |    11 ||    11
